 Dungeon Crawl Stone Soup version 0.31-a0-986-g5e6e4ef867 (webtiles) character file.

Game seed: 16061985034463914401

32500 ragingrage the Protected (level 13, 0/82 HPs)
             Began as a Tengu Warper on Nov 13, 2023.
             Was an Initiate of Gozag.
             Slain by a yak (2 damage)
             ... while petrified by a basilisk
             ... on level 5 of the Lair of Beasts.
             The game lasted 00:24:05 (18343 turns).

ragingrage the Protected (Tengu Warper)            Turns: 18343, Time: 00:24:06

Health: 0/82       AC: 15    Str: 12    XL:     13   Next: 65%
Magic:  20/20      EV:  2    Int: 15    God:    Gozag
Gold:   2515       SH:  0    Dex: 20    Spells: 12/20 levels left

rFire   + . .        a - +1 short sword (distort)
rCold   + . .        (no shield)
rNeg    + + +        Q - +4 ring mail of Terror {Dex+3}
rPois   ∞            (helmet restricted)
rElec   .            R - scarf {rC+ rF+}
rCorr   .            q - +2 pair of gloves
SInv    .            (boots unavailable)
Will    +....        t - amulet "Muquah" {RegenMP Stlth+}
Stlth   +++          f - ring of willpower
HPRegen 0.33/turn    V - ring of poison resistance
MPRegen 0.57/turn

%: acrobat
@: petrified, flying, slowed
A: beak, talons 3, evasive flight, acrobatic
a: Renounce Religion, Potion Petition, Call Merchant, Bribe Branch


You were on level 5 of the Lair of Beasts.
You worshipped Gozag.
Gozag was most pleased with you.
You visited 3 branches of the dungeon, and saw 17 of its levels.
You also visited: Ice Cave.

You collected 3218 gold pieces.
You spent 444 gold pieces at shops.
You paid 259 gold pieces to Gozag.

Inventory:

Hand Weapons
 a - a +1 short sword of distortion (weapon)
 S - the +5 shortbow of the Lair of Beasts {flame, +Blink rC+ rN+}
   (You found it on level 1 of the Lair of Beasts)

   rC+:       It protects you from cold.
   rN+:       It protects you from negative energy.
   +Blink:    It lets you blink.
Missiles
 d - 4 darts of dispersal
 l - 40 poisoned darts (quivered)
 v - 4 curare-tipped darts
 J - 2 throwing nets
Armour
 q - a +2 pair of gloves (worn)
 s - a +0 cloak
 Q - the +4 ring mail of Terror (worn) {Dex+3}
   (You found it on level 10 of the Dungeon)

   Dex+3:     It affects your dexterity (+3).
 R - a scarf of resistance (worn)
Jewellery
 f - a ring of willpower (left hand)
 p - a ring of willpower
 t - the amulet "Muquah" (around neck) {RegenMP Stlth+}
   (You found it in an ice cave)

   [amulet of magic regeneration]

   RegenMP:   It increases your rate of magic regeneration.
   Stlth+:    It makes you more stealthy.
 K - a ring of positive energy
 V - a ring of poison resistance (right hand)
Wands
 e - a wand of roots (5)
 C - a wand of acid (15)
 F - a wand of flame (31)
 U - a wand of digging (3)
 W - a wand of paralysis (8)
Scrolls
 b - 2 scrolls of enchant armour
 c - 3 scrolls of blinking
 j - 5 scrolls of fear
 k - 6 scrolls of immolation
 m - 11 scrolls of teleportation
 n - 2 scrolls of poison
 o - 3 scrolls of amnesia
 u - 2 scrolls of enchant weapon
 w - 3 scrolls of torment
 y - 3 scrolls of vulnerability
 G - a scroll of butterflies {unknown}
 H - 2 scrolls of revelation
 L - 2 scrolls of fog
 O - a scroll of silence {unknown}
 P - a scroll of brand weapon
Potions
 g - 3 potions of lignification
 h - 3 potions of degeneration {unknown}
 i - 7 potions of curing
 r - a potion of haste {unknown}
 x - a potion of ambrosia {unknown}
 z - 2 potions of magic {unknown}
 A - 2 potions of brilliance {unknown}
 B - 2 potions of might
 D - a potion of cancellation
 E - 3 potions of invisibility
 I - a potion of mutation
 M - 5 potions of attraction
 T - 3 potions of enlightenment {unknown}
Miscellaneous
 N - a lightning rod (4/4)
 Y - a condenser vane


   Skills:
 - Level 10.0 Fighting
 - Level 9.8(10.6) Short Blades
 - Level 6.2(8.9) Long Blades
 - Level 1.0 Throwing
 - Level 11.0 Armour
 + Level 8.6 Dodging
 + Level 3.3 Stealth
 + Level 4.3 Spellcasting
 - Level 5.0 Conjurations
 + Level 4.2 Translocations
 - Level 8.0 Air Magic
 - Level 4.0 Poison Magic
 - Level 8.0 Evocations


You had 12 spell levels left.
You knew the following spells:

 Your Spells              Type           Power      Damage    Failure   Level
a - Blink                 Tloc           32%        N/A       9%          2
b - Swiftness             Air            27%        N/A       3%          3
c - Mephitic Cloud        Conj/Pois/Air  20%        N/A       10%         3

Your spell library contained the following spells:

 Spells                   Type           Power      Damage    Failure   Level
 Magic Dart               Conj           72%        1d6       4%          1
 Poisonous Vapours        Pois/Air       42%        N/A       4%          2
 Lesser Beckoning         Tloc           32%        N/A       9%          2
 Cigotuvi's Dreadful Rot  Necr/Pois/Air  30%        N/A       10%         2
 Gell's Gravitas          Tloc           16%        N/A       17%         3
 Teleport Other           Tloc           16%        N/A       17%         3
 Vhi's Electric Charge    Tloc/Air       42%        N/A       26%         4
 Iskenderun's Mystic Bla  Conj/Tloc      17%        2d5       43%         4
 Call Imp                 Summ           6%         N/A       45%         2
 Ensorcelled Hibernation  Hex/Ice        6%         N/A       45%         2
 Passwall                 Tmut/Erth      2%         N/A       45%         2
 Ignite Poison            Fire/Tmut/Pois 7%         N/A       50%         3
 Manifold Assault         Tloc           16%        N/A       50%         4
 Tukima's Dance           Hex            3%         N/A       69%         3
 Dimensional Bullseye     Hex/Tloc       4%         N/A       80%         4
 Freezing Cloud           Conj/Ice/Air   8%         6-21      83%         5
 Malign Gateway           Summ/Tloc      4%         N/A       100%        7
 Summon Horrible Things   Summ           1%         N/A       100%        8


Dungeon Overview and Level Annotations

Branches:
Dungeon (11/15)            Temple (1/1) D:5            Lair (5/5) D:10
  Swamp (0/4) Lair:3       Spider (0/4) Lair:3        Slime (0/5) Lair:4
    Orc (0/2) D:11          IceCv (visited)

Altars:
Ashenzari
Cheibriados
Dithmenos
Elyvilon
Fedhas
Gozag
Hepliaklqana
Kikubaaqudgha
Makhleb
Nemelex Xobeh
Okawaru
Qazlal
Ru
Sif Muna
Trog
Uskayaw
Vehumet
Wu Jian
Xom
Yredelemnul
Zin
The Shining One

Shops:
D:1 *[??   D:6 *   D:11 [:*[

Portals:
Trove: D:11 (give 6 scrolls of fear)

Annotations:
D:9 3 runed translucent doors, whitefoxxx's ghost, novice MiFi
D:11 3 runed translucent doors, pokeman's ghost, journeyman DEHW


Innate Abilities, Weirdness & Mutations

You have a beak for a mouth.
You have claws for feet.
Your magical flight helps you evade attacks. (EV +4)
You can magically evade attacks while moving or waiting.


Message History

The yak bellows! x2
The yak is no longer distracted by gold.
The water moccasin bites you but does no damage. x2
The yak gores you. The yak gores you but does no damage. The yak gores you.
The yak gores you!
The water moccasin bites you but does no damage.
The yak gores you but does no damage. The yak barely misses you.
The yak gores you but does no damage. The yak barely misses you.
The yak gores you.
The cane toad is distracted by your dazzling golden aura.
The water moccasin barely misses you. The yak gores you but does no damage.
The yak gores you.
The yak gores you! x2; The water moccasin bites you.
The cane toad is no longer distracted by gold.
The water moccasin bites you but does no damage.
The yak gores you. x2; The yak gores you but does no damage.
The yak barely misses you. The water moccasin bites you. The yak gores you.
The yak gores you but does no damage. x2; The yak gores you! x2
The torpor snail bites you!
The cane toad is no longer distracted by gold.
The water moccasin barely misses you. The cane toad stings you.
The water moccasin bites you!
The yak gores you! x2; The yak gores you.
* * * LOW HITPOINT WARNING * * *
The yak gores you but does no damage. The yak gores you.
The cane toad stings you but does no damage.
The water moccasin bites you but does no damage.
The torpor snail bites you!
* * * LOW HITPOINT WARNING * * *
The yak gores you!
* * * LOW HITPOINT WARNING * * *
The yak gores you but does no damage. x2; The yak gores you!
* * * LOW HITPOINT WARNING * * *
The yak gores you.
* * * LOW HITPOINT WARNING * * *
The water moccasin bites you but does no damage.
The cane toad stings you!
* * * LOW HITPOINT WARNING * * *
The yak gores you but does no damage. x3; The yak gores you.
You die...
Your body crumbles into a pile of gold.

###...... ... #
.......## ...
#.#............
.#.............
#........#.....
#......llYS...#
.....YSYwYY...#
#....YY@YYY..#
......YFYY.....
...?...FY......
#..............
#..............
...............
#..............
P..............


You could see a torpor snail, a komodo dragon, a black mamba, 14 yaks, 2 cane
toads, a basilisk and a water moccasin.

Vanquished Creatures
  2 hydras (Lair:3)
  A catoblepas (Lair:2)
  5 two-headed ogres
  A boulder beetle (D:11)
  Sonja (Lair:1)
  A deep elf pyromancer (D:11)
  Pikel (D:5)
  An orc sorcerer (D:11)
  4 ugly things
  2 manticores (D:11)
  3 elephants
  2 ice statues (IceCv)
  A black mamba (Lair:3)
  Joseph (D:8)
  5 cane toads
  3 kobold demonologists
  An anaconda simulacrum (IceCv)
  2 komodo dragons
  4 rime drakes (Lair:3)
  A freezing wraith (IceCv)
  A hornet (D:9)
  A troll (D:11)
  9 blink frogs
  A dire elephant simulacrum (IceCv)
  13 wyverns
  2 shadows
  5 yaks (Lair:1)
  9 basilisks
  A steam dragon (D:6)
  3 vampire mosquitoes (D:11)
  A death yak simulacrum (IceCv)
  3 acid dragons
  11 water moccasins
  A hydra simulacrum (IceCv)
  2 black bears
  A hornet zombie (D:8)
  An ice beast (D:5)
  An orc warrior (D:10)
  2 sky beasts
  3 ogres
  7 centaurs
  A lemure (D:5)
  2 phantoms
  4 bullfrogs
  2 gnoll sergeants
  7 kobold brigands
  4 scorpions
  A cane toad simulacrum (IceCv)
  5 wights
  4 killer bees (D:10)
  An elephant simulacrum (IceCv)
  4 hounds
  A gnoll bouda (D:6)
  2 jellies (D:7)
  8 orc priests
  A sleepcap (D:6)
  Jessica (D:3)
  12 hell rats
  16 orc wizards
  3 iguanas
  3 wolf simulacra (IceCv)
  8 ogre zombies (D:11)
  A howler monkey zombie (D:8)
  7 adders
  10 gnolls
  A shadow imp (D:5)
  A white imp (D:6)
  2 ufetubi (D:5)
  A worm (D:3)
  31 orcs
  10 endoplasms
  6 giant cockroaches
  5 gnoll zombies (D:11)
  6 hobgoblins
  3 jackals (D:1)
  A quokka (D:5)
  8 ball pythons
  12 bats
  4 frilled lizards (D:2)
  6 gnoll skeletons (D:11)
  6 goblins
  18 kobolds
  4 orc skeletons (D:11)
  10 orc zombies (D:11)
  10 rats
373 creatures vanquished.

Notes
Turn   | Place    | Note
-------+----------+-------------------------------------------
     0 | D:1      | ragingrage the Tengu Warper began the quest for the Orb.
     0 | D:1      | Reached XP level 1. HP: 12/12 MP: 4/4
     4 | D:1      | Noticed an elephant
   132 | D:1      | Found Emastrat's General Store.
   177 | D:1      | Reached skill level 1 in Short Blades
   192 | D:1      | Reached XP level 2. HP: 17/17 MP: 6/6
   295 | D:1      | Found Afieces's Magic Scroll Boutique.
   417 | D:1      | Found Zinoh's Armour Shoppe.
   552 | D:1      | Reached XP level 3. HP: 22/22 MP: 7/7
   581 | D:1      | Found Orrom's Magic Scroll Emporium.
   591 | D:1      | Bought a scroll of fear for 44 gold pieces
   679 | D:1      | Noticed a six-headed hydra
   964 | D:2      | Reached XP level 4. HP: 25/27 MP: 8/8
  1337 | D:1      | Bought a scroll of teleportation for 33 gold pieces
  2438 | D:3      | Noticed Jessica
  2453 | D:3      | Killed Jessica
  2454 | D:3      | Reached XP level 5. HP: 2/32 MP: 9/9
  2870 | D:1      | Bought a potion of heal wounds for 65 gold pieces
  3281 | D:4      | Noticed an ogre
  3299 | D:4      | Killed an ogre
  3300 | D:4      | Reached skill level 5 in Short Blades
  3300 | D:4      | Reached XP level 6. HP: 9/38 MP: 10/10
  3948 | D:5      | Entered Level 5 of the Dungeon
  4040 | D:5      | Noticed an ice beast
  4064 | D:5      | Killed an ice beast
  4306 | D:5      | Noticed Pikel
  4329 | D:5      | Killed Pikel
  4330 | D:5      | Gained mutation: Your magical flight helps you evade
                  | attacks. (EV +4) [Tengu growth]
  4330 | D:5      | Reached XP level 7. HP: 37/43 MP: 11/11
  4358 | D:5      | Reached XP level 8. HP: 48/48 MP: 12/12
  4438 | D:5      | Found a staircase to the Ecumenical Temple.
  4447 | Temple   | Entered the Ecumenical Temple
  4460 | Temple   | Became a worshipper of Gozag Ym Sagoz the Greedy
  4657 | D:5      | You are sucked into a shaft and drop 3 floors!
  4657 | D:8      | Found a blossoming altar of Fedhas.
  4699 | D:8      | Noticed Joseph
  4721 | D:8      | Killed Joseph
  4972 | D:8      | Reached skill level 2 in Armour
  5111 | D:8      | Found a basalt altar of Yredelemnul.
  5413 | D:6      | Reached XP level 9. HP: 50/52 MP: 13/13
  5478 | D:5      | Found a glowing silver altar of Zin.
  5669 | D:5      | Reached skill level 3 in Armour
  6258 | D:6      | Reached skill level 5 in Fighting
  6487 | D:6      | Noticed a kobold demonologist
  6496 | D:6      | Noticed a hellwing
  6501 | D:6      | Noticed a hellwing
  6505 | D:6      | Killed a kobold demonologist
  6506 | D:6      | Reached skill level 4 in Armour
  6588 | D:6      | Found an iron altar of Okawaru.
  6613 | D:6      | Reached skill level 5 in Evocations
  6738 | D:6      | Reached skill level 5 in Dodging
  6903 | D:6      | Reached skill level 5 in Armour
  7115 | D:6      | Found Sixzim's Serpentskin Sales.
  7206 | D:7      | Found a sacrificial altar of Ru.
  7310 | D:7      | Reached skill level 6 in Armour
  7310 | D:7      | Reached XP level 10. HP: 58/60 MP: 14/14
  7491 | D:7      | Reached skill level 7 in Armour
  7634 | D:1      | Bought a scroll of enchant armour for 82 gold pieces
  7634 | D:1      | Bought a scroll of immolation for 44 gold pieces
  7634 | D:1      | Bought a scroll of identify for 22 gold pieces
  7682 | D:1      | Bought a scroll of fear for 48 gold pieces
  7682 | D:1      | Bought a scroll of blinking for 90 gold pieces
  8174 | D:7      | Found an ancient bone altar of Kikubaaqudgha.
  8342 | D:7      | Found a hazy altar of Hepliaklqana.
  8795 | D:8      | Reached skill level 8 in Armour
  9397 | D:9      | Found a runed translucent gate.
  9397 | D:9      | Found a runed translucent gate.
  9397 | D:9      | Found a runed translucent gate.
  9397 | D:9      | Noticed a cyclops
  9397 | D:9      | Noticed whitefoxxx's ghost (novice MiFi)
  9445 | D:9      | Reached skill level 9 in Armour
  9590 | D:9      | Found a hide-covered altar of Uskayaw.
  9676 | D:9      | Noticed a two-headed ogre
  9688 | D:9      | Killed a two-headed ogre
  9763 | D:9      | Noticed a two-headed ogre
  9768 | D:9      | Killed a two-headed ogre
  9769 | D:9      | Reached skill level 10 in Armour
  9808 | D:9      | Noticed a two-headed ogre
  9823 | D:9      | Killed a two-headed ogre
  9824 | D:9      | Reached skill level 11 in Armour
  9824 | D:9      | Reached XP level 11. HP: 58/66 MP: 15/15
 10612 | D:9      | Found a snail-covered altar of Cheibriados.
 10950 | D:10     | Entered Level 10 of the Dungeon
 11550 | D:10     | Noticed a sixfirhy
 11581 | D:10     | Noticed a two-headed ogre
 11595 | D:10     | Killed a two-headed ogre
 11716 | D:10     | Found a staircase to the Lair.
 11862 | D:10     | Identified the +4 ring mail of Terror {Dex+3}
 11876 | D:10     | Noticed a two-headed ogre
 11890 | D:10     | Killed a two-headed ogre
 11891 | D:10     | Reached skill level 5 in Long Blades
 11925 | D:10     | Learned a level 2 spell: Blink
 11929 | D:10     | Learned a level 3 spell: Swiftness
 11933 | D:10     | Learned a level 3 spell: Mephitic Cloud
 12256 | D:11     | Found a runed translucent gate.
 12264 | D:11     | Found a runed translucent gate.
 12271 | D:11     | Found a runed translucent gate.
 12275 | D:11     | Noticed pokeman's ghost (journeyman DEHW)
 12342 | D:11     | Noticed a manticore
 12355 | D:11     | Killed a manticore
 12356 | D:11     | Reached skill level 1 in Conjurations
 12356 | D:11     | Reached skill level 1 in Air Magic
 12502 | D:11     | Noticed a green ugly thing
 12504 | D:11     | Noticed a white ugly thing
 12512 | D:11     | Killed a green ugly thing
 12512 | D:11     | Killed a green ugly thing
 12513 | D:11     | Reached skill level 1 in Poison Magic
 12513 | D:11     | Noticed an orc sorcerer
 12514 | D:11     | Noticed a boulder beetle
 12528 | D:11     | Killed an orc sorcerer
 12567 | D:11     | Killed a boulder beetle
 12576 | D:11     | Reached XP level 12. HP: 54/73 MP: 16/16
 12617 | D:11     | Found a staircase to the Orcish Mines.
 12634 | D:11     | Found Yryi's General Store.
 12647 | D:11     | Found Taczilo Sava's Antique Armour Shop.
 12819 | D:11     | Found Besuciug's Book Shop.
 12853 | D:11     | Found Itoxtygh's Antique Armour Shop.
 12866 | D:11     | Bought a scroll of noise for 16 gold pieces
 13022 | D:11     | Found a portal to a secret trove of treasure.
 13679 | Lair:1   | Entered Level 1 of the Lair of Beasts
 13685 | Lair:1   | Identified the +4 trident "Fatenisch" {antimagic, Str+2
                  | Int+2}
 14066 | Lair:1   | Noticed Sonja
 14072 | Lair:1   | Killed Sonja
 14665 | Lair:1   | Identified the +5 shortbow of the Lair of Beasts {flame,
                  | +Blink rC+ rN+}
 14819 | Lair:2   | Noticed an eight-headed hydra
 14830 | Lair:2   | Banished an eight-headed hydra
 14853 | Lair:2   | You are sucked into a shaft and drop 1 floor!
 14999 | Lair:2   | Found a frozen archway.
 15051 | IceCv    | Entered an ice cave
 15373 | IceCv    | Reached skill level 5 in Conjurations
 15456 | IceCv    | Reached skill level 5 in Air Magic
 15592 | IceCv    | Reached XP level 13. HP: 57/80 MP: 20/20
 15677 | IceCv    | Identified the amulet "Muquah" {RegenMP Stlth+}
 15687 | IceCv    | Identified the staff of Greed {rN+ Str+5 Necro}
 16547 | Lair:3   | Reached skill level 1 in Stealth
 16652 | Lair:3   | Found a staircase to the Swamp.
 16737 | Lair:3   | Found a hole to the Spider Nest.
 17084 | Lair:3   | Reached skill level 10 in Fighting
 17999 | Lair:4   | Found a staircase to the Slime Pits.
 18328 | Lair:5   | Entered Level 5 of the Lair of Beasts
 18343 | Lair:5   | HP: 2/82 [cane toad (7)]
 18343 | Lair:5   | Slain by a yak

Illustrated notes

Levels and vault maps discovered:
D:1:      sevenhm_arrival_forest_fort_small_2, layout_loops_cross, serial_shops,
          nicolae_shop_statue_plus, shop, shop, nicolae_shop_back_alley_shop
D:2:      layout_rooms
D:3:      minmay_razor_zed, layout_basic, uniq_jessica
D:4:      layout_gridville, minmay_tree_intersection, kennysheep_big_empty_room
D:5:      layout_loops_corners, general_overflow_altar,
          minmay_temple_entry_junction_2, uniq_pikel
D:6:      layout_loops_ring, lemuel_round_altar, guppyfry_shop_venom
D:7:      layout_basic, mainiacjoe_overflow_small_starburst,
          mainiacjoe_overflow_catch_the_wave
D:8:      layout_loops_ring, lemuel_zombie_altar_yredelemnul, fedhas_altar_2,
          uniq_joseph
D:9:      layout_grid_maze, mainiacjoe_overflow_alcove_2, kennysheep_mini,
          gammafunk_ghost_split
D:10:     layout_gridville, david_lair_generic
D:11:     layout_loops_corners, zombieorc2_lemuel, enter_trove_2,
          gammafunk_ghost_spectres, minmay_shop_grid_forest
Temple:   nicolae_temple_ecumenical_triangle
Lair:1:   layout_gridlike, uniq_sonja
Lair:2:   layout_cave_pods, portal_ice_cave_entry_pillars_1, lemuel_fruit_tree
Lair:3:   layout_loops_ring, minmay_swamp_entry_reptiles, dummy_spider_entry,
          special_room [special_room_mythical_zoo]
Lair:4:   layout_loops_ring, dpeg_slime_entry_corner
Lair:5:   grunt_lair_end_beastmaster, layout_gridlike

Skill      XL: |  1  2  3  4  5  6  7  8  9 10 11 12 13 |
---------------+----------------------------------------+-----
Short Blades   | 1 2 3 4 5 7 9 |  9.8
Fighting       | 3 4 6 8 9 10 | 10.0
Evocations     | 2 3 5 7 8 |  8.0
Armour         | 2 6 11 | 11.0
Dodging        | 3 5 6 8 |  8.6
Long Blades    | 5 6 |  6.2
Conjurations   | 2 5 |  5.0
Air Magic      | 2 5 8 |  8.0
Poison Magic   | 1 3 4 |  4.0
Translocations | 4 |  4.2
Spellcasting   | 4 |  4.3
Stealth        | 3 |  3.3
Throwing       | |  1.0

Action                     |  1- 3 |  4- 6 |  7- 9 | 10-12 | 13-15 || total
---------------------------+-------+-------+-------+-------+-------++-------
  Melee: Dagger            |    84 |   102 |       |       |       ||   186
         Kick              |    15 |    42 |   132 |   355 |   112 ||   656
         Falchion          |     5 |       |       |       |       ||     5
         Peck              |     7 |    30 |    53 |   211 |    76 ||   377
         Punch             |     1 |     1 |     3 |    11 |     5 ||    21
         Short sword       |       |    34 |   296 |   827 |   278 ||  1435
  Throw: Dart              |       |     5 |     1 |    12 |     1 ||    19
 Invoke: Potion Petition   |       |       |       |     1 |       ||     1
  Evoke: Wand              |       |       |     2 |    15 |       ||    17
         Lightning rod     |       |       |       |    10 |     1 ||    11
    Use: Potion            |     1 |     1 |     2 |     3 |       ||     7
         Scroll            |       |     1 |       |    14 |     1 ||    16
   Stab: Distracted        |       |       |       |     2 |     1 ||     3
         Paralysed         |       |       |       |     1 |       ||     1
         Sleeping          |       |       |       |       |     1 ||     1
 Armour: Leather armour    |    38 |     7 |       |       |       ||    45
         Crystal plate arm |       |    65 |   196 |   275 |       ||   536
         Robe              |       |     5 |       |       |       ||     5
         Ring mail         |       |       |       |   106 |   123 ||   229
         Plate armour      |       |       |       |    30 |       ||    30
  Dodge: Dodged            |    51 |    34 |    56 |   292 |   132 ||   565

Table legend: (Time is in decaauts)
 A = Elapsed time spent in this place.
 B = Non-inter-level travel time spent in this place.
 C = Inter-level travel time spent in this place.
 D = Time resting spent in this place.
 E = Time spent auto-exploring this place.
 F = Levels seen in this place.
 G = Mean time per level.
                   A        B        C        D        E       F      G
               +--------+--------+--------+--------+--------+-----+--------+
         Total |  17600 |  16121 |   1479 |   2375 |  10834 |  18 |  977.8 |
       Dungeon |  13178 |  11812 |   1366 |   1553 |   8415 |  11 | 1198.0 |
        Temple |     26 |      1 |     25 |      0 |      0 |   1 |   26.0 |
          Lair |   3764 |   3676 |     88 |    482 |   2346 |   5 |  752.8 |
      Ice Cave |    630 |    630 |      0 |    340 |     73 |   1 |  630.0 |
               +--------+--------+--------+--------+--------+-----+--------+

Top non-repeatable levels by time:
     D:9: 1534 daAuts
     D:3: 1482 daAuts
  Lair:3: 1402 daAuts
    D:11: 1402 daAuts
     D:5: 1281 daAuts
     D:6: 1208 daAuts
    D:10: 1150 daAuts
     D:8: 1133 daAuts
     D:4: 1108 daAuts
  Lair:1: 1087 daAuts
     D:7: 1076 daAuts
     D:1: 1041 daAuts
  Lair:4: 798 daAuts
     D:2: 758 daAuts
   IceCv: 630 daAuts
